 Dungeon Crawl Stone Soup version 0.29.0-13-gc9e81de378 (webtiles) character file.

Game seed: 1215313499792327013

194 SensoryNuts the Sneak (level 5, -12/41 HPs)
             Began as a Vampire Fighter on Sept 8, 2022.
             Mangled by an ogre
             ... wielding a +0 giant club
              (26 damage)
             ... on level 4 of the Dungeon.
             The game lasted 00:02:42 (2785 turns).

SensoryNuts the Sneak (Vampire Fighter)             Turns: 2785, Time: 00:02:42

Health: -12/41     AC:  6    Str: 15    XL:     5   Next: 44%
Magic:  5/5        EV:  9    Int: 11    God:
Gold:   250        SH:  5    Dex: 15    Spells: 4/4 levels left

rFire   . . .      SeeInvis +   a - +2 rapier
rCold   . . .      Faith    .   c - +0 buckler
rNeg    . . .      Spirit   .   b - +0 scale mail
rPois   .          Reflect  .   (no helmet)
rElec   .          Harm     .   (no cloak)
rCorr   .          Rampage  .   (no gloves)
Will    .....                   (no boots)
Stlth   +.........              (no amulet)
HPRegen 0.33/turn               (no ring)
MPRegen 0.09/turn               (no ring)

@: healing quickly
A: alive, fangs 3, see invisible, vampiric 2
a: Exsanguinate


You were on level 4 of the Dungeon.
You visited 1 branch of the dungeon, and saw 4 of its levels.

You collected 250 gold pieces.

Inventory:

Hand Weapons
 a - a +2 rapier (weapon)
Armour
 b - a +0 scale mail (worn)
 c - a +0 buckler (worn)
Jewellery
 g - a ring of magical power
Scrolls
 i - 2 scrolls of fear
Potions
 d - 2 potions of might
 e - 2 potions of haste
 f - a potion of degeneration
 k - a potion of ambrosia {unknown}
 l - 2 potions of heal wounds {unknown}


   Skills:
 + Level 3.4 Fighting
 + Level 3.7 Short Blades
 + Level 3.0 Armour
 + Level 0.9 Dodging
 * Level 3.8 Stealth
 + Level 3.0 Shields


You had 4 spell levels left.
You didn't know any spells.
Your spell library was empty.

Dungeon Overview and Level Annotations

Branches:
Dungeon (4/15)
 Temple: D:4-7

Altars:

Shops:
D:1 (


Innate Abilities, Weirdness & Mutations

Your natural rate of healing is accelerated.
You have razor-sharp teeth.
You have supernaturally acute eyesight. (SInv)
You are afflicted with vampirism and can become a bat while bloodless.


Message History

You hit the jelly.
Your hands burn!
The jelly is almost dead.
The jelly barely misses you.
You puncture the jelly!
You kill the jelly!
Your Armour skill increases to level 3!
No target in view!
No target in view!
A giant cockroach comes into view.
A giant cockroach is nearby!
A giant cockroach is nearby!
A giant cockroach is nearby!
The giant cockroach bites you but does no damage.
The giant cockroach barely misses you.
You puncture the giant cockroach!
You kill the giant cockroach!
No target in view!
No target in view!
Key pressed, stopping explore.
No target in view!
Found a stone staircase leading down.
No target in view!
No target in view!
No target in view!
You now have 250 gold pieces (gained 13).
An ogre comes into view. It is wielding a +0 giant club.
Found a club.
An ogre is nearby!
An ogre is nearby!
Found a stone staircase leading up.
The ogre shouts!
A white imp comes into view.
The white imp shouts, "Fly, thou spongy sallow bounder!"
The ogre attacks as you move away!
The ogre hits you with a +0 giant club!!
Ouch! That really hurt!
The ogre attacks as you move away!
The ogre hits you with a +0 giant club!!
Ouch! That really hurt!
You die...

## .### .....# #. ...
..#...## ###.###># #.#.....
....##.## #.#...#
###..#...## #.#...# #
#.........####.#...####.##
.# #.....................##
.# #......##....@O.5../....
.###.#...###.#..........<##
#.....#.## #.#.##.##.....#
#...#.#.# #.#.##.# ......#
#........ ....##.) .......
#..##.#### #..#.#.#........
#.....# #.# #..##.....##
##.#### .# #.# #...## ...#
.# ## #.


You could see an ogre and a white imp.

Vanquished Creatures
  A phantom (D:4)
  A jelly (D:4)
  2 adders (D:2)
  A worm (D:3)
  A dart slug (D:2)
  An orc (D:3)
  6 ball pythons
  8 bats
  5 endoplasms
  3 giant cockroaches
  10 goblins
  5 hobgoblins
  3 quokkas
  2 frilled lizards
  5 kobolds
  13 rats
67 creatures vanquished.

Vanquished Creatures (others)
  5 fungi (D:3)
  3 toadstools (D:3)
8 creatures vanquished.

Grand Total: 75 creatures vanquished

Notes
Turn   | Place    | Note
-------+----------+-------------------------------------------
     0 | D:1      | SensoryNuts the Vampire Fighter began the quest for the
                  | Orb.
     0 | D:1      | Reached XP level 1. HP: 17/17 MP: 1/1
    47 | D:1      | Reached XP level 2. HP: 16/23 MP: 2/2
    55 | D:1      | Reached skill level 1 in Stealth
   180 | D:1      | Found Suacak's Antique Weapon Shoppe.
   192 | D:1      | Found a faded altar of an unknown god.
   554 | D:1      | Gained mutation: You are afflicted with vampirism and can
                  | become a bat while bloodless. [Vampire growth]
   554 | D:1      | Reached XP level 3. HP: 28/29 MP: 3/3
  1476 | D:2      | Reached XP level 4. HP: 29/35 MP: 4/4
  2549 | D:4      | Noticed a phantom
  2561 | D:4      | Killed a phantom
  2562 | D:4      | Reached XP level 5. HP: 11/41 MP: 5/5
  2778 | D:4      | Noticed an ogre
  2785 | D:4      | Mangled by an ogre

Illustrated notes

Levels and vault maps discovered:
D:1:      dpeg_arrival_ratfight, layout_basic, serial_shops, shop,
          shapermc_ecumenical_altar_gd
D:2:      layout_loops_ring
D:3:      layout_loops_ring, minmay_gold_behind_fungi, minmay_distorted
D:4:      layout_loops_ring, lemuel_doored_altar, uniq_edmund

Skill      XL: |  1  2  3  4  5 |
---------------+----------------+-----
Stealth        | 2 3 |  3.8
Fighting       | 3 |  3.4
Short Blades   | 3 |  3.7
Shields        | 3 |  3.0
Armour         | 3 |  3.0
Dodging        | |  0.9

Action                   |  1- 3 |  4- 6 || total
-------------------------+-------+-------++-------
Melee: Rapier            |   113 |    49 ||   162
       Bite              |    13 |     5 ||    18
  Use: Scroll            |     4 |     7 ||    11
       Potion            |       |     1 ||     1
Armor: Scale mail        |    66 |    13 ||    79
Dodge: Dodged            |    45 |    14 ||    59
Block: Buckler           |    26 |    11 ||    37
